AoeStats
← HenryDxebec

Arabian Desert

509441124Analyzed
1v1 RM · 4d ago on Sep 26, 2026· 27m 7s· 2 players
Game mode
Random Map
Map size
Tiny (2 player)
Population
200
Speed
Normal
Resources
Standard
Victory
Conquest
Starting age
Dark Age
Ending age
Imperial Age
RankedLock teamsTeams togetherTeam positionsShared explorationLock speedFull tech treeHidden civsTurbo modeCheats
Victory
Defeat
🇦🇷 Vietnamese · Argentina
656
+17
🇨🇱 Teutons · Chile
686
-17
Murdok
11:25 Feudal Age
11:06 Loom
12:00 Double-Bit Axe
12:02 Horse Collar
19:11 Fletching
19:22 Padded Archer Armor
20:21 Wheelbarrow
19:38 Gold Mining
22:14 Scale Mail Armor
22:22 Scale Barding Armor
22:29 Forging
22:27 Stone Mining
23:44 Bloodlines
27:11 Castle Age
HenryDxebec
14:24 Feudal Age
18:20 Man-at-Arms
22:09 Gold Mining
22:12 Stone Mining
22:23 Double-Bit Axe
26:31 Castle Age
Connection lost

Rejoining the realm…

Still unreachable

The connection could not be restored.

Session expired

The server has moved on; the page needs a fresh start.